 Dungeon Crawl Stone Soup version 0.25.1-2-g60ff931df9 (webtiles) character file.

Game seed: 7419127667470534402

337 Kaiern the Shooter (level 6, -1/53 HPs)
             Began as a Minotaur Hunter on Aug 18, 2020.
             Slain by an orc (2 damage)
             ... on level 4 of the Dungeon.
             The game lasted 00:14:29 (4491 turns).

Kaiern the Shooter (Minotaur Hunter)                Turns: 4491, Time: 00:14:29

Health: -1/53      AC: 11    Str: 18    XL:     6   Next: 28%
Magic:  5/5        EV:  8    Int:  8    God:
Gold:   201        SH:  0    Dex: 11    Spells: 5/5 levels left

rFire    + . .     SeeInvis .   b - +0 short sword
rCold    . . .     Gourm    .   (no shield)
rNeg     . . .     Faith    .   h - +2 chain mail {rF+}
rPois    .         Spirit   .   (helmet restricted)
rElec    .         Reflect  .   (no cloak)
rCorr    .         Harm     .   (no gloves)
MR       .....                  (no boots)
Stlth    ..........             (no amulet)
HPRegen  0.17/turn              (no ring)
MPRegen  0.09/turn              (no ring)

@: lethally poisoned (-1 -> -2)
A: retaliatory headbutt, horns 2
a: no special abilities


You were on level 4 of the Dungeon.
You were not hungry.

You visited 1 branch of the dungeon, and saw 4 of its levels.

You collected 201 gold pieces.

Inventory:

Hand Weapons
 a - a +1 shortbow
 b - a +0 short sword (weapon)
Missiles
 d - 46 arrows
Armour
 h - a +2 chain mail of fire resistance (worn)
Jewellery
 q - an uncursed ring of positive energy {unknown}
Scrolls
 c - a scroll of teleportation {unknown}
 g - 2 scrolls of blinking
 o - a scroll of amnesia {unknown}
 p - 3 scrolls of fog
 s - a scroll of remove curse
 u - a scroll of identify
Potions
 e - 2 potions of stabbing {unknown}
 i - a potion of haste {unknown}
 j - 2 potions of invisibility {unknown}
 l - a potion of degeneration {unknown}
 m - 2 potions of curing {unknown}
 n - a potion of brilliance {unknown}
 r - a potion of might {unknown}
 t - a potion of flight {unknown}
Comestibles
 f - 4 rations
 k - a chunk of flesh


   Skills:
 + Level 4.5 Fighting
 + Level 5.6 Bows
 + Level 3.5 Armour
 + Level 4.0 Dodging
 - Level 0.7 Stealth


You had 5 spell levels left.
You didn't know any spells.
Your spell library was empty.

Dungeon Overview and Level Annotations

Branches:
Dungeon (4/15)
 Temple: D:4-7

Altars:

Annotations:
D:3 1 runed translucent door, Crazy Yiuf


Innate Abilities, Weirdness & Mutations

You reflexively headbutt those who attack you in melee.
You have a pair of horns on your head.


Message History

You feel sick.
Your chain mail prevents you from hitting the orc.
The orc is lightly wounded.
You hit the orc.
The orc is moderately wounded.
You feel sick. The orc hits you but does no damage. The orc barely misses you.
You furiously retaliate!
You headbutt the orc!
You kill the orc!
Your chain mail prevents you from hitting the orc.
Your headbutt misses the orc.
The orc is moderately wounded.
The orc priest invokes the aid of Beogh against you.
Beogh smites you!
* * * LOW HITPOINT WARNING * * *
The orc hits you but does no damage. x2
The orc priest begins to cast a cantrip, but forgets the words!
You hit the orc.
You kill the orc!
The orc hits you.
You die...

.....# .....# ######
##>..##########
..........##..#####
..................# #
..................# .#
##+####...###+##.## .####
##..###...###.##@###.....#
.'.........#....)o'o....#
.#.........#......#.....#
##.###...######..#####..#
######...#### #+## ##
...#.........#
...#.........#
...#.........#
...+..)......#


You could see an orc priest and an orc.

Vanquished Creatures
  Natasha (thrice) (D:2)
  Terence (D:3)
  2 worker ants (D:4)
  An orc wizard (D:4)
  5 adders
  4 dart slugs
  4 worms
  5 leopard geckos
  7 orcs
  8 bats
  3 giant cockroaches (D:1)
  6 goblins
  7 hobgoblins
  7 jackals
  14 kobolds
  2 quokkas (D:2)
  A ball python (D:2)
  5 frilled lizards
  A quokka skeleton (D:2)
  6 rats
92 creatures vanquished.

Notes
Turn   | Place    | Note
-------+----------+-------------------------------------------
     0 | D:1      | Kaiern the Minotaur Hunter began the quest for the Orb.
     0 | D:1      | Reached XP level 1. HP: 18/18 MP: 0/0
   387 | D:1      | Reached XP level 2. HP: 25/25 MP: 1/1
   528 | D:1      | Reached skill level 1 in Armour
  1029 | D:1      | Reached XP level 3. HP: 31/31 MP: 2/2
  1803 | D:2      | Noticed Natasha
  1809 | D:2      | Killed Natasha
  1809 | D:2      | Reached XP level 4. HP: 28/38 MP: 3/3
  1849 | D:2      | Noticed Natasha
  1855 | D:2      | Killed Natasha
  1855 | D:2      | Reached skill level 5 in Bows
  2341 | D:2      | Reached XP level 5. HP: 46/46 MP: 4/4
  2364 | D:2      | Noticed Natasha
  2374 | D:2      | Killed Natasha
  2868 | D:3      | Noticed Terence
  2927 | D:3      | Killed Terence
  3800 | D:3      | Found a runed translucent door.
  3801 | D:3      | Noticed Crazy Yiuf
  4169 | D:4      | Reached XP level 6. HP: 36/52 MP: 5/5
  4490 | D:4      | HP: 1/53 [orc priest/divine providence (15)]
  4491 | D:4      | Slain by an orc

Illustrated notes

Levels and vault maps discovered:
D:1:      dpeg_arrival_brainrot, layout_basic
D:2:      layout_loops_ring, first_ration, uniq_natasha
D:3:      layout_basic, uniq_terence, uniq_crazy_yiuf_cottage
D:4:      layout_gridville, minmay_temple_entry_glassed_door

Skill      XL: |  1  2  3  4  5  6 |
---------------+-------------------+-----
Armour         | 1 2 3 |  3.5
Fighting       | 3 4 |  4.5
Dodging        | 3 4 |  4.0
Bows           | 5 |  5.6
Stealth        | |  0.7

Action                   |  1- 3 |  4- 6 || total
-------------------------+-------+-------++-------
Melee: Short sword       |    95 |   230 ||   325
       Headbutt          |    21 |    46 ||    67
  Use: Scroll            |     4 |     1 ||     5
 Stab: Sleeping          |     2 |       ||     2
  Eat: Chunk             |     3 |     5 ||     8
       Ration            |       |     1 ||     1
Armor: Leather armour    |    11 |       ||    11
       Chain mail        |    18 |   152 ||   170
Dodge: Dodged            |    53 |    96 ||   149
